 Dungeon Crawl Stone Soup version 0.31.0-32-g396128a36d (webtiles) character file.

Game seed: 1820245860927348335

172 Peloso the Trooper (level 5, -1/4 HPs)
             Began as a Minotaur Fighter on Mar 15, 2024.
             Slain by a phantom (5 damage)
             ... on level 4 of the Dungeon.
             The game lasted 00:04:40 (2660 turns).

Peloso the Trooper (Minotaur Fighter)               Turns: 2660, Time: 00:04:41

Health: -1/4       AC:  0    Str: 21    XL:     5   Next: 27%
Magic:  4/4        EV: 11    Int:  5    God:
Gold:   117        SH:  5    Dex: 11    Spells: 4/4 levels left

rFire   . . .        a - +0 long sword
rCold   . . .        d - +0 buckler
rNeg    . . .        c - melded +1 plate armour
rPois   .            (helmet restricted)
rElec   .            (no cloak)
rCorr   .            (no gloves)
SInv    .            (no boots)
Will    .....        (no amulet)
Stlth   +            (no ring)
HPRegen 0.20/turn    (no ring)
MPRegen 0.09/turn

%: no passive effects
@: maw-form
A: devouring maw, reduced hp, horns 2, retaliatory headbutt
a: Begin Untransformation


You were on level 4 of the Dungeon.
You were a creature with a mouth for a stomach.
You visited 1 branch of the dungeon, and saw 4 of its levels.

You collected 117 gold pieces.

Inventory:

Hand Weapons
 a - a +0 long sword (weapon)
Armour
 b - a +0 scale mail
 c - a +1 plate armour (melded)
 d - a +0 buckler (worn)
Talismans
 m - a maw talisman (active)
Wands
 g - a wand of iceblast (8)
 l - a wand of charming (7)
Scrolls
 f - a scroll of enchant armour
 i - a scroll of immolation
 k - 4 scrolls of teleportation
Potions
 e - 2 potions of might
 h - a potion of invisibility
 j - a potion of brilliance {unknown}


   Skills:
 + Level 4.6 Fighting
 + Level 4.5 Long Blades
 + Level 4.5 Armour
 + Level 4.5 Shields


You had 4 spell levels left.
You didn't know any spells.
Your spell library contained the following spells:

 Spells                   Type           Power      Damage    Failure   Level
 Tukima's Dance           Hex            0%         N/A       89%         3
 Dimensional Bullseye     Hex/Tloc       0%         N/A       100%        4
 Iskenderun's Mystic Bla  Conj/Tloc      0%         2d3       100%        4


Dungeon Overview and Level Annotations

Branches:
Dungeon (4/15)
 Temple: D:4-7

Altars:

Shops:
D:1 (


Innate Abilities, Weirdness & Mutations

You are a creature with a mouth for a stomach.
Your midsection houses a second, enormous mouth.
Your maximum health is decreased, since you lack skill for your form.
You have a pair of horns on your head.
You reflexively headbutt those who attack you in melee.


Message History

The adder is severely wounded.
You feel sick. The adder bites you but does no damage. The adder bites you.
You hit the adder.
You kill the adder!
You feel sick.
You feel sick.
You feel sick.
You feel sick.
You are no longer poisoned.
Done exploring.
Done exploring.
Done exploring.
Done exploring.
Search for what [? for help]? talisman You see here a maw talisman.
Okay, then.
You see here a maw talisman.
m - a maw talisman Unknown command.
You begin transforming.
You continue transforming. x3
You turn into a creature with a mouth for a stomach.
Your +1 plate armour melds into your body.
You start waiting.
Done waiting.
You start waiting.
Done waiting.
There is a stone staircase leading down here.
You climb downwards.
There is a stone staircase leading up here.
A phantom comes into view.
There is a stone staircase leading up here.
You climb upwards.
There is a stone staircase leading down here.
You climb downwards.
There is a stone staircase leading up here.
The kobold shouts!
You hit the phantom but do no damage. Your bite misses the phantom.
You block the phantom's attack. The phantom hits you.
Ouch! That really hurt!
You die...

#.# .....
#.##....#
###........
###..........
............
#.........#
###..........
...#W#
####.#W#
#......#
#......#
#......#
#..K...#
#.......
#........
#......###


You could see a phantom and a kobold.

Vanquished Creatures
  4 gnolls
  6 adders
  A ribbon worm (D:2)
  2 dart slugs
  An orc (D:3)
  8 ball pythons
  3 endoplasms (D:1)
  A giant cockroach (D:1)
  6 goblins
  4 hobgoblins
  11 jackals
  2 kobolds
  4 quokkas
  8 bats
  A frilled lizard (D:2)
  4 rats
66 creatures vanquished.

Notes
Turn   | Place    | Note
-------+----------+-------------------------------------------
     0 | D:1      | Peloso the Minotaur Fighter began the quest for the Orb.
     0 | D:1      | Reached XP level 1. HP: 19/19 MP: 0/0
    99 | D:1      | Found Basiham's Weapon Boutique.
   117 | D:1      | Reached XP level 2. HP: 20/27 MP: 1/1
   274 | D:1      | Reached XP level 3. HP: 33/33 MP: 2/2
   916 | D:2      | Reached XP level 4. HP: 40/40 MP: 3/3
  1739 | D:3      | Reached XP level 5. HP: 47/47 MP: 4/4
  1903 | D:3      | Found a faded altar of an unknown god.
  2651 | D:4      | Noticed a phantom
  2660 | D:4      | Slain by a phantom

Illustrated notes

Levels and vault maps discovered:
D:1:      minmay_arrival_wavy_path, layout_rooms, serial_shops, shop
D:2:      layout_loops_corners
D:3:      layout_basic, shapermc_ecumenical_altar_mp_highgroup,
          kennysheep_decorative_pillar
D:4:      layout_basic

Skill      XL: |  1  2  3  4 |
---------------+-------------+-----
Fighting       | 4 |  4.6
Shields        | 4 |  4.5
Armour         | 4 |  4.5
Long Blades    | 3 4 |  4.5

Action                     |  1- 3 |  4- 6 || total
---------------------------+-------+-------++-------
  Melee: Long sword        |    71 |    96 ||   167
         Headbutt          |    13 |    10 ||    23
    Use: Scroll            |     6 |     2 ||     8
         Potion            |     2 |     1 ||     3
 Armour: Plate armour      |    83 |    91 ||   174
         Skin              |       |     1 ||     1
  Dodge: Dodged            |    23 |    36 ||    59
  Block: Buckler           |    17 |    25 ||    42
   Form: Maw               |       |     1 ||     1
